 Dungeon Crawl Stone Soup version 0.17-a0-1141-g3e25b61 (webtiles) character file.

7284 nuthulu the Nimble (level 11, -1/67 HPs)
             Began as a Kobold Berserker on May 26, 2015.
             Was an Elder of Trog.
             Killed from afar by a white imp (6 damage)
             ... with a puff of frost
             ... on level 1 of the Lair of Beasts.
             The game lasted 00:45:31 (13563 turns).

nuthulu the Nimble (Kobold Berserker)              Turns: 13563, Time: 00:45:31

Health: -1/67      AC:  9    Str: 18    XL:     11   Next: 34%
Magic:  11/11      EV: 25    Int:  5    God:    Trog [****..]
Gold:   611        SH:  0    Dex: 17    Spells: 0 memorised, 10 levels left

rFire  + . .     SeeInvis +     z - +4 whip (elec)
rCold  . . .     Clarity  .     F - +2 robe {rF+}
rNeg   + . .     SustAt   .     (shield restricted)
rPois  +         Gourm    .     p - +2 helmet
rElec  .         Spirit   .     b - +1 cloak {rPois}
rCorr  .         Warding  +     (no gloves)
rMut   .         Stasis   .     (no boots)
MR     .....                    H - amulet of warding
Stlth  +++++.....               s - ring of poison resistance
                                h - ring of see invisible

@: very slightly contaminated, hasted, very quick, not resistant to hostile
enchantments, quite stealthy
A: carnivore 3
a: Burn Spellbooks, Berserk, Trog's Hand, Brothers in Arms, Renounce Religion


You were on level 1 of the Lair of Beasts.
You worshipped Trog.
Trog was greatly pleased with you.
You were very full.

You visited 2 branches of the dungeon, and saw 10 of its levels.

You collected 611 gold pieces.

Inventory:

Hand weapons
 a - a +0 short sword of flaming
 d - a +3 hand axe
 i - a +0 short sword of flaming
 j - a +0 short sword of freezing
 y - a +3 quarterstaff of chaos
 z - a +4 whip of electrocution (weapon)
Missiles
 t - 4 poisoned tomahawks (quivered)
Armour
 b - a +1 cloak of poison resistance (worn)
 p - a +2 helmet (worn)
 x - a +2 cloak
 F - a +2 robe of fire resistance (worn)
Jewellery
 e - an uncursed ring of sustain attributes
 f - an uncursed ring of teleport control
 h - a ring of see invisible (left hand)
 s - a ring of poison resistance (right hand)
 H - an amulet of warding (around neck)
Magical devices
 n - a wand of random effects (31)
 o - a wand of polymorph (10)
 q - a wand of draining (10)
 u - a wand of magic darts (40)
 D - a wand of frost (29)
 I - a wand of random effects (23)
Scrolls
 l - 4 scrolls of teleportation
 r - a scroll of amnesia
 v - 3 scrolls of blinking
 B - 2 scrolls of remove curse
Potions
 g - 3 potions of brilliance
 k - 2 potions of haste
 E - 2 potions of flight
 G - a potion of might {unknown}
Comestibles
 c - 5 meat rations
 m - a slice of pizza
 w - 9 beef jerkies


   Skills:
 + Level 7.0 Fighting
 - Level 6.8 Short Blades
 - Level 1.0(4.5) Axes
 * Level 7.9(8.0) Maces & Flails
 - Level 1.5 Armour
 + Level 13.1 Dodging
 + Level 9.3 Stealth


You had 10 spell levels left.
You didn't know any spells.

Dungeon Overview and Level Annotations

Branches:
Dungeon (9/15)             Temple (0/1) D:5            Lair (1/8) D:9
    Orc (0/4) D:9

Altars:
Dithmenos
Makhleb
Ru
Sif Muna
Xom
Zin
The Shining One
Beogh

Portals:
Ice
Cave: Lair:1


Innate Abilities, Weirdness & Mutations

You are small and have problems with some larger weapons.
You are carnivorous and can eat meat at any time.


Message History

Your ogre goes berserk!
You feel somewhat less full.
Your ogre barely misses the white imp.
Something hits your ogre but does no damage.
The white imp hits your ogre. The white imp freezes your ogre.
The giant frog hits your ogre.
Your ogre closely misses the white imp.
The giant frog hits your ogre!
Your ogre dies!
Your ogre's corpse disappears in a puff of smoke!
Your ogre barely misses the white imp.
The white imp gestures at you. The puff of frost misses you.
Your ogre hits the white imp with a giant spiked club.
The white imp hits your ogre. The white imp freezes your ogre.
The white imp hits your ogre but does no damage.
Your ogre barely misses the white imp.
The white imp closely misses you.
You hear a shout!
The white imp gestures at you. The puff of frost hits you!
You die...

####### ##.....#
#......## #...∩...#
##
####......#######.#
#.................
#..5...........#
#...@..........#
#..##..##.#.<5.#
#.###.## #.5..#
#.##...####....#
#.###....55$...#
#....5....#....#
#.####..###....P#
#O.###.## #....##
#5###...###....#


You could see 2 white imps.

Vanquished Creatures
  Erolcha (D:9)
  Pikel (D:5)
  Maurice (D:9)
  An elephant (D:9)
  2 two-headed ogres
  Dowan (D:5)
  Sigmund (D:5)
  A deep elf mage (D:9)
  Menkaure (D:4)
  The ghost of Xoff the Sneak, an average OpWz (D:4)
  4 orc warriors
  An ice beast (D:8)
  A phantom (D:9)
  2 black bears
  4 ogres
  A centaur (D:9)
  A big kobold (D:6)
  8 giant frogs
  3 scorpions
  9 killer bees (D:8)
  5 wights (D:6)
  2 jellies
  A giant frog zombie (D:7)
  A quasit (D:9)
  A crimson imp (D:8)
  A centaur zombie (D:8)
  Crazy Yiuf (D:4)
  A gnoll shaman (D:7)
  5 orc priests
  5 worker ants
  Jessica (D:3)
  A centaur skeleton (D:4)
  2 iguanas
  3 hounds
  3 hell rats (D:6)
  7 orc wizards
  A sheep (D:9)
  A hound zombie (D:5)
  A worker ant zombie (D:8)
  Robin (D:3)
  11 adders
  14 gnolls
  2 river rats (D:6)
  A shadow imp (D:8)
  2 adder skeletons
  An adder zombie (D:7)
  3 worms
  3 giant geckos
  41 orcs
  28 goblins
  15 hobgoblins
  13 jackals
  14 kobolds
  3 quokkas
  A ball python (D:3)
  11 bats
  4 giant cockroaches
  A giant gecko zombie (D:8)
  6 giant newts
  2 quokka skeletons
  38 rats
303 creatures vanquished.

Vanquished Creatures (collateral kills)
  A yak (D:9)
  A porcupine (Lair:1)
  A wasp (D:8)
  3 orc warriors
  A crimson imp (D:6)
  4 orc priests
  2 orc wizards
  A sheep (D:9)
  2 adders
  A shadow imp (D:8)
  6 orcs
  A hobgoblin (D:8)
  A jackal zombie (D:6)
25 creatures vanquished.

Vanquished Creatures (others)
  2 two-headed ogres (D:8)
  A slave (D:5)
  Duvessa (D:5)
  An ogre (Lair:1)
  A goblin (D:5)
6 creatures vanquished.

Grand Total: 334 creatures vanquished

Notes
Turn   | Place    | Note
--------------------------------------------------------------
     0 | D:1      | nuthulu the Kobold Berserker began the quest for the Orb.
     0 | D:1      | Reached XP level 1. HP: 14/14 MP: 1/1
   438 | D:1      | Reached XP level 2. HP: 17/19 MP: 2/2
   611 | D:1      | Reached XP level 3. HP: 15/23 MP: 3/3
   999 | D:1      | Reached skill level 1 in Stealth
  1296 | D:1      | Acquired Trog's second power
  1691 | D:2      | Reached skill level 1 in Axes
  1691 | D:2      | Reached XP level 4. HP: 10/29 MP: 4/4
  2845 | D:2      | Found a glowing golden altar of the Shining One.
  3484 | D:3      | Reached XP level 5. HP: 29/33 MP: 5/5
  3852 | D:3      | Noticed Jessica
  3862 | D:3      | Killed Jessica
  3868 | D:3      | Reached skill level 5 in Dodging
  3967 | D:3      | Noticed Robin
  4011 | D:3      | Killed Robin
  4638 | D:4      | Received a gift from Trog
  4671 | D:4      | Reached XP level 6. HP: 38/38 MP: 6/6
  5046 | D:4      | Noticed Xoff's ghost (average OpWz)
  5056 | D:4      | Killed Xoff's ghost
  5056 | D:4      | Reached skill level 5 in Short Blades
  5056 | D:4      | Reached skill level 6 in Dodging
  5056 | D:4      | Reached XP level 7. HP: 43/43 MP: 7/7
  5131 | D:4      | Noticed Menkaure
  5148 | D:4      | Killed Menkaure
  5148 | D:4      | Reached skill level 7 in Dodging
  5614 | D:4      | Found a sacrificial altar of Ru.
  5672 | D:4      | Noticed Crazy Yiuf
  5678 | D:4      | Killed Crazy Yiuf
  6332 | D:5      | Entered Level 5 of the Dungeon
  6378 | D:5      | Reached XP level 8. HP: 40/48 MP: 8/8
  6392 | D:5      | Found a staircase to the Ecumenical Temple.
  6392 | D:5      | Noticed Pikel
  6401 | D:5      | Killed Pikel
  6401 | D:5      | Reached skill level 8 in Dodging
  6459 | D:5      | Reached skill level 5 in Fighting
  6459 | D:5      | Reached skill level 9 in Dodging
  6459 | D:5      | Reached skill level 5 in Stealth
  6624 | D:5      | Killed Duvessa
  6639 | D:5      | Found a glowing silver altar of Zin.
  6639 | D:5      | Found a shimmering altar of Xom.
  6639 | D:5      | Noticed an angel
  6646 | D:5      | Reached skill level 1 in Maces & Flails
  6712 | D:5      | Acquired Trog's third power
  6983 | D:5      | Noticed Sigmund
  6992 | D:5      | Killed Sigmund
  6992 | D:5      | Reached XP level 9. HP: 54/54 MP: 9/9
  7195 | D:5      | Noticed Dowan
  7218 | D:5      | Killed Dowan
  8056 | D:6      | Reached skill level 10 in Dodging
  9491 | D:7      | Found a deep blue altar of Sif Muna.
  9512 | D:7      | Reached XP level 10. HP: 60/60 MP: 10/10
  9930 | D:7      | Reached skill level 5 in Maces & Flails
 10262 | D:8      | Reached skill level 11 in Dodging
 10444 | D:8      | Found a shadowy altar of Dithmenos.
 10665 | D:8      | HP: 1/60 [orc warrior/trident (8)]
 12015 | D:8      | Reached skill level 12 in Dodging
 12194 | D:9      | Noticed Erolcha
 12239 | D:9      | Killed Erolcha
 12409 | D:9      | Noticed Maurice
 12436 | D:9      | Killed Maurice
 12436 | D:9      | Reached XP level 11. HP: 66/66 MP: 11/11
 12531 | D:9      | Received a gift from Trog
 12544 | D:9      | Noticed an elephant
 12567 | D:9      | Killed an elephant
 12742 | D:9      | Found a staircase to the Orcish Mines.
 12858 | D:9      | Found a roughly hewn altar of Beogh.
 12949 | D:9      | Reached skill level 13 in Dodging
 13285 | D:9      | Found a staircase to the Lair.
 13334 | D:9      | Found a burning altar of Makhleb.
 13521 | Lair:1   | Entered Level 1 of the Lair of Beasts
 13521 | Lair:1   | Found a frozen archway.
 13544 | Lair:1   | HP: 2/67 [white imp/puff of frost (10)]
 13563 | Lair:1   | Killed from afar by a white imp

Vault maps used:
D:1:      lightli_arrival_isolated_outpost, amethyst_killhole
D:2:      tso_altar
D:3:      minmay_unequal, uniq_robin, uniq_jessica
D:4:      nicolae_ru_the_path_less_chosen, nicolae_ossuary_entry_plus,
          kennysheep_dice, uniq_menkaure, uniq_crazy_yiuf_cottage
D:5:      grunt_temple_overflow_order_and_chaos_1, minmay_temple_entry_hall,
          first_bread, minivault_27, lemuel_statue_altar, uniq_sigmund,
          uniq_pikel, uniq_duvessa
D:6:      lemuel_ratsnest, serial_co_window_serial, co_window_corner_a,
          co_window_paths_b, co_window_corner_a, co_window_paths_b,
          co_window_paths_b, co_window_corner_b, co_window_cross_3,
          co_window_broadway_a, co_window_2corner, co_window_4corner_b,
          glass_columns_a, glass_columns_a, minmay_unpleasant_kobolds
D:7:      old_standard_altar
D:8:      kennysheep_little_box, grunt_ogre_cave, grunt_ministairs_4
D:9:      nicolae_overflow_hidden_temple, david_lair_generic, david_orc_5,
          uniq_maurice, uniq_erolcha
Lair:1:   minmay_lair_oklob_chamber, nicolae_volcano_entry_two_sided,
          portal_ice_cave_entry_imps, grunt_megastairs_3

Action                   |  1- 3 |  4- 6 |  7- 9 | 10-12 || total
-------------------------+-------+-------+-------+-------++-------
Melee: Short sword       |    28 |   216 |   110 |    12 ||   366
       Hand axe          |    61 |    24 |       |       ||    85
       Whip              |       |       |   249 |   358 ||   607
Throw: Tomahawk          |       |       |     2 |     7 ||     9
Invok: Berserk           |       |     5 |     6 |     4 ||    15
       Burn Spellbooks   |       |       |     1 |       ||     1
       Brothers in Arms  |       |       |     3 |     8 ||    11
  Use: Scroll            |     2 |    13 |     5 |    10 ||    30
       Potion            |     2 |     4 |     1 |     4 ||    11
 Stab: Sleeping          |     2 |     4 |    14 |     6 ||    26
       Distracted        |       |       |     1 |     3 ||     4
       Invisible         |       |       |       |     1 ||     1
  Eat: Chunk             |     9 |    16 |    17 |    20 ||    62
       Royal jelly       |       |       |     1 |       ||     1
